 Dungeon Crawl Stone Soup version 0.20.1-1-g8b1a95d (webtiles) character file.

2487 HessuHobo the Cleaver (level 9, -5/78 HPs)
             Began as a Minotaur Fighter on Oct 26, 2017.
             Was a Follower of Trog.
             Slain by a gargoyle
             ... wielding a +0 mace
              (6 damage)
             ... on level 7 of the Dungeon.
             The game lasted 00:21:21 (5635 turns).

HessuHobo the Cleaver (Minotaur Fighter)            Turns: 5635, Time: 00:21:21

Health: -5/78      AC: 13    Str: 23    XL:     9   Next: 27%
Magic:  8/8        EV:  8    Int:  5    God:    Trog [*.....]
Gold:   325        SH: 11    Dex: 14    Spells: 8/8 levels left

rFire    x . .     SeeInvis .   z - +2 war axe (drain)
rCold    + . .     Gourm    +   c - +0 shield
rNeg     . . .     Faith    .   j - +0 chain mail
rPois    .         Spirit   .   (helmet restricted)
rElec    .         Reflect  .   (no cloak)
rCorr    .         Harm     .   p - +1 pair of gloves
MR       +....                  (no boots)
Stlth    ..........             I - amulet of the gourmand
Regen    0.3/turn               u - ring of Tempters {Ice *Drain +Fly Dex+3}
MPRegen  0.2/turn               w - ring of protection from magic

@: no status effects
A: retaliatory headbutt, horns 2
a: Berserk, Burn Spellbooks, Renounce Religion, Evoke Flight


You were on level 7 of the Dungeon.
You worshipped Trog.
Trog was aware of your devotion.
You were not hungry.

You visited 2 branches of the dungeon, and saw 8 of its levels.

You collected 325 gold pieces.

Inventory:

Hand Weapons
 a - a +0 war axe
 z - a +2 war axe of draining (weapon)
 M - a +1 dagger of venom
Armour
 c - a +0 shield (worn)
 j - a +0 chain mail (worn)
 p - a +1 pair of gloves (worn)
Jewellery
 n - an uncursed ring of positive energy
 u - the ring of Tempters (left hand) {Ice *Drain +Fly Dex+3}
   (You found it on level 4 of the Dungeon)

   [ring of ice]

   It enhances your ice magic.
   It affects your dexterity (+3).
   It makes you vulnerable to fire.
   It protects you from cold.
   It lets you fly.
   It causes draining when unequipped.
 w - a ring of protection from magic (right hand)
 I - an amulet of the gourmand (around neck)
Wands
 o - a wand of enslavement (10/24)
 D - a wand of scattershot (3/9)
 E - a wand of paralysis (9/24)
 L - a wand of confusion (28/48)
Scrolls
 e - a scroll of enchant weapon {unknown}
 h - a scroll of magic mapping
 i - 3 scrolls of amnesia
 l - 3 scrolls of remove curse
 m - 2 scrolls of teleportation {unknown}
 s - 3 scrolls of random uselessness {unknown}
 t - a scroll of identify
 F - a scroll of immolation {unknown}
 G - a scroll of vulnerability {unknown}
 H - a scroll of fog {unknown}
Potions
 d - 5 potions of might
 f - 4 potions of resistance {unknown}
 g - 4 potions of lignification
 r - a potion of degeneration {unknown}
 x - a potion of ambrosia {unknown}
 A - 2 potions of cancellation {unknown}
 B - 4 potions of mutation {unknown}
 J - 2 potions of curing {unknown}
 K - a potion of magic {unknown}
Books
 q - a book of Dreams

   Spells                             Type                      Level
   a - Ensorcelled Hibernation        Hexes/Ice                    2
   b - Silence                        Hexes/Air                    5
   c - Darkness                       Hexes                        6
   d - Shadow Creatures               Summoning                    6
   Trog disapproves of the use of such an item.
 y - Lyshaaso's Volume of the Blowfly
   (You found it on level 4 of the Dungeon)

   Spells                             Type                      Level
   a - Animate Skeleton               Necromancy                   1
   b - Pain                           Necromancy                   1
   c - Cigotuvi's Embrace             Necromancy                   5
   d - Simulacrum                     Ice/Necromancy               6
   e - Death Channel                  Necromancy                   6
   Trog disapproves of the use of such an item.
Comestibles
 b - a meat ration
 k - 13 fruits
 v - a royal jelly
 C - 3 bread rations


   Skills:
 + Level 6.6 Fighting
 + Level 10.2 Axes
 + Level 7.9 Armour
 + Level 3.1 Dodging
 + Level 1.2 Stealth
 + Level 6.4 Shields


You had 8 spell levels left.
You didn't know any spells.

Dungeon Overview and Level Annotations

Branches:
Dungeon (7/15)             Temple (1/1) D:5

Altars:
Cheibriados
Dithmenos
Gozag
Makhleb
Okawaru
Ru
Trog
Vehumet
Xom
Zin
The Shining One

Annotations:
D:7 1 exclusion


Innate Abilities, Weirdness & Mutations

You reflexively headbutt those who attack you in melee.
You have a pair of horns on your head.


Message History

The gargoyle hurls a stone arrow at you.
The stone arrow hits you!
Found a sedimented black potion.
You are too injured to fight recklessly!
You are too injured to fight recklessly!
A gargoyle is nearby!
You are too injured to fight recklessly!
You are too injured to fight recklessly!
The gargoyle hurls a stone arrow at you.
The stone arrow hits you!
* * * LOW HITPOINT WARNING * * *
There is an open door, spattered with blood here.
You completely miss the gargoyle.
The gargoyle hurls a stone arrow at you.
The stone arrow hits you!
* * * LOW HITPOINT WARNING * * *
As you read the scroll labeled EXKAMELEXU, it crumbles to dust.
You feel blessed for a moment.
It was a scroll of remove curse.
The gargoyle hits you with a mace.
You die...

...#
#####.#####.........### ###
#### #.# #...#######...#
#.. #.###.###8###8###.##
#.# #.##..#8##'.'##8#..#
#.. ####.##.###'.....'###.#
#.. #.......#)#.......#8#.#
#.. #.##.##.##'.......'##.#
#..
#.##....##....8....##.####.
#.#####.##@.......'##......
#.# #.#9#.......#8#.#####
#.#####.###+.....+###.#
#........# ##...## #..#
########.###8...8###.##
#...##...##...# #
#####.........### #
##.#######.#.###### #
#..................


You could see a gargoyle.

Vanquished Creatures
  The ghost of cada the Blocker, a novice FoFi of Okawaru (D:7)
  A gargoyle (D:7)
  Edmund (D:6)
  An orc warrior (D:6)
  A hornet zombie (D:6)
  An ice beast (D:6)
  A sky beast (D:6)
  An ogre (D:6)
  A centaur (D:6)
  A bullfrog (D:7)
  4 scorpions
  A water moccasin skeleton (D:6)
  2 crimson imps
  A bullfrog zombie (D:4)
  A hound (D:6)
  3 jellies (D:5)
  An orc priest (D:7)
  3 orc wizards
  A worker ant (D:5)
  A killer bee zombie (D:6)
  A hound skeleton (D:6)
  7 gnolls
  6 adders
  A shadow imp (D:6)
  An ooze (D:2)
  2 worms
  2 dart slugs
  2 leopard geckos
  19 orcs
  9 bats
  2 giant cockroaches (D:2)
  4 goblins
  5 hobgoblins
  5 jackals
  3 quokkas
  A ball python (D:4)
  6 frilled lizards
  A jackal zombie (D:4)
  8 kobolds
  5 rats
118 creatures vanquished.

Notes
Turn   | Place    | Note
-------+----------+-------------------------------------------
     0 | D:1      | HessuHobo the Minotaur Fighter began the quest for the Orb.
     0 | D:1      | Reached XP level 1. HP: 19/19 MP: 0/0
   453 | D:1      | Reached XP level 2. HP: 26/27 MP: 1/1
   958 | D:2      | Reached XP level 3. HP: 33/33 MP: 2/2
  1019 | D:2      | Reached skill level 3 in Axes
  1028 | D:2      | Reached XP level 4. HP: 23/40 MP: 3/3
  1331 | D:2      | Found a shadowy altar of Dithmenos.
  1618 | D:2      | Found a glowing golden altar of the Shining One.
  1776 | D:3      | Found a faded altar of an unknown god.
  2038 | D:3      | Found a shadowy altar of Dithmenos.
  2798 | D:4      | Got a twitching turquoise ring
  2942 | D:4      | Reached XP level 5. HP: 47/47 MP: 4/4
  2967 | D:4      | Reached skill level 4 in Axes
  2973 | D:4      | Reached skill level 5 in Axes
  2973 | D:4      | Reached skill level 5 in Armour
  2973 | D:4      | Reached skill level 1 in Dodging
  2973 | D:4      | Reached XP level 6. HP: 48/53 MP: 5/5
  3140 | D:4      | Identified Lyshaaso's Volume of the Blowfly
  3216 | D:4      | Found a radiant altar of Vehumet.
  3221 | D:4      | Found a shimmering altar of Xom.
  3294 | D:5      | Entered Level 5 of the Dungeon
  3468 | D:5      | Found a glowing silver altar of Zin.
  3554 | D:5      | Reached skill level 6 in Axes
  3567 | D:5      | Found an opulent altar of Gozag.
  3622 | D:5      | Found a staircase to the Ecumenical Temple.
  3628 | Temple   | Entered the Ecumenical Temple
  3639 | Temple   | Became a worshipper of Trog the Wrathful
  3664 | D:5      | Reached skill level 5 in Shields
  3664 | D:5      | Reached XP level 7. HP: 59/60 MP: 6/6
  4136 | D:6      | Reached skill level 5 in Fighting
  4249 | D:6      | Noticed Edmund
  4258 | D:6      | Killed Edmund
  4311 | D:6      | Reached skill level 7 in Axes
  4380 | D:6      | Reached XP level 8. HP: 44/68 MP: 7/7
  4497 | D:6      | Reached skill level 8 in Axes
  4568 | D:6      | Identified the ring of Tempters {Ice *Drain +Fly Dex+3} (You found it on level 4 of the Dungeon)
  4640 | D:6      | Reached * piety under Trog
  4745 | D:6      | Reached skill level 1 in Stealth
  5461 | D:7      | Noticed cada's ghost (novice FoFi)
  5475 | D:7      | Killed cada's ghost
  5475 | D:7      | Reached skill level 9 in Axes
  5475 | D:7      | Reached XP level 9. HP: 44/78 MP: 8/8
  5619 | D:7      | Noticed a gargoyle
  5627 | D:7      | Killed a gargoyle
  5627 | D:7      | Reached skill level 10 in Axes
  5632 | D:7      | Noticed a gargoyle
  5634 | D:7      | HP: 1/78 [gargoyle/stone arrow (16)]
  5635 | D:7      | Slain by a gargoyle

Skill      XL: |  1  2  3  4  5  6  7  8  9 |
---------------+----------------------------+-----
Fighting       | 4 5 6 |  6.6
Shields        | 4 5 6 |  6.4
Axes           | 3 5 6 7 9 10 | 10.2
Armour         | 4 5 6 7 |  7.9
Dodging        | 1 2 3 |  3.1
Stealth        | 1 |  1.2

Action                   |  1- 3 |  4- 6 |  7- 9 || total
-------------------------+-------+-------+-------++-------
Melee: War axe           |    73 |   114 |   124 ||   311
       Headbutt          |    11 |    14 |    28 ||    53
Invok: Berserk           |       |       |     1 ||     1
  Use: Scroll            |     2 |     4 |     5 ||    11
  Eat: Bread ration      |     1 |     1 |       ||     2
       Fruit             |       |     3 |       ||     3
       Meat ration       |       |     1 |       ||     1
       Royal jelly       |       |       |     1 ||     1
Armor: Scale mail        |    29 |    56 |    20 ||   105
       Chain mail        |       |       |    14 ||    14
Dodge: Dodged            |    27 |    42 |    24 ||    93
Block: Shield            |    49 |    55 |    52 ||   156
